 Dungeon Crawl Stone Soup version 0.22-a0-609-gfedc9ff (webtiles) character file.

78 sking99 the Ruffian (level 4, -7/26 HPs)
             Began as a Gargoyle Transmuter on July 10, 2018.
             Mangled by Sigmund
             ... wielding a +1 scythe of slicing
              (9 damage)
             ... on level 2 of the Dungeon.
             The game lasted 00:02:33 (2407 turns).

sking99 the Ruffian (Gargoyle Transmuter)           Turns: 2407, Time: 00:02:34

Health: -7/26      AC:  6    Str: 14    XL:     4   Next: 36%
Magic:  2/7        EV: 12    Int: 13    God:
Gold:   124        SH:  0    Dex: 11    Spells: 4/7 levels left

rFire    . . .     SeeInvis .     - Unarmed
rCold    . . .     Gourm    .   (no shield)
rNeg     + . .     Faith    .   b - +0 robe
rPois    ∞         Spirit   .   (no helmet)
rElec    +         Reflect  .   (no cloak)
rCorr    .         Harm     .   (no gloves)
MR       .....                  i - +0 pair of boots
Stlth    +.........             (no amulet)
HPRegen  0.08/turn              (no ring)
MPRegen  0.10/turn              (no ring)

@: appendage
A: horns 2, negative energy resistance 1, electricity resistance, unbreathing,
petrification resistance, rot immunity, AC +3
a: End Transformation


You were on level 2 of the Dungeon.
You were not hungry.
You had grown temporary horns.
You visited 1 branch of the dungeon, and saw 2 of its levels.

You collected 124 gold pieces.

Inventory:

Missiles
 a - 10 arrows
Armour
 b - a +0 robe (worn)
 i - a +0 pair of boots (worn)
 k - a +1 ring mail of magic resistance
Scrolls
 c - a scroll of random uselessness {unknown}
 g - 2 scrolls of teleportation {unknown}
 j - a scroll of blinking {unknown}
 l - a scroll of enchant weapon {unknown}
 m - a scroll of remove curse {unknown}
 n - 4 scrolls of identify {unknown}
Potions
 e - a potion of curing {unknown}
 f - a potion of haste {unknown}
 h - a potion of mutation {unknown}
Comestibles
 d - 9 rations
 o - 5 chunks of flesh


   Skills:
 + Level 2.1 Fighting
 + Level 2.1 Dodging
 * Level 3.9 Unarmed Combat
 - Level 2.0 Spellcasting
 + Level 2.1 Transmutations


You had 4 spell levels left.
You knew the following spells:

 Your Spells              Type           Power        Failure   Level  Hunger
a - Beastly Appendage     Tmut           #.....       11%         1    ##.....
b - Sticks to Snakes      Tmut           #.......     16%         2    ###....

Your spell library contained the following spells:

 Spells                   Type           Power        Failure   Level  Hunger
 Spider Form              Tmut/Pois      #.........   45%         3    ####...
 Blade Hands              Tmut           #.........   96%         5    ######.
 Ice Form                 Ice/Tmut       #.......     86%         4    #####..


Dungeon Overview and Level Annotations

Branches:
Dungeon (2/15)

Altars:

Annotations:
D:2 Sigmund


Innate Abilities, Weirdness & Mutations

You are resistant to torment.
Your stone body is resilient. (AC +3)
You are immune to poison.
You resist negative energy. (rN+)
You are resistant to electric shocks. (rElec)
You can survive without breathing.
You are immune to petrification.
You are immune to rotting.
You have a pair of horns on your head.


Message History

You create a snake!
You now have 11 arrows.
Sigmund casts a spell.
Sigmund flickers and vanishes!
Deactivating autopickup; reactivate with Ctrl-A.
Casting: Sticks to Snakes (safe; 16% risk of failure)
Confirm with . or Enter, or press ? or * to list all spells.
You create a snake!
You now have 10 arrows.
Something hits you but does no damage.
You miss something. Something hits you but does no damage.
You miss something. Something hits you!
Casting: Sticks to Snakes (safe; 16% risk of failure)
Confirm with . or Enter, or press ? or * to list all spells.
You grow a pair of large bovine horns.
You closely miss something. Something hits you!
* * * LOW HITPOINT WARNING * * *
You barely miss something. Something hits you.
* * * LOW HITPOINT WARNING * * *
x2 You closely miss something.
You hit something. Something hits you!
You die...

... ### ########.... ...
... ............ ... #.#
######..#.. #.# #.#
#.......... #.# #.#
#.......#.. #.# #.#
#.####.###. #.# #.# #.#
#.# #. ###.#############{#
#.# #.# #.
....#...........@S# #.#
#.# #.
####.....#######S.#####.##
#.# #. #......#
#.........# #.# # #...<..#
##<#####..# #.# . #.#....#
#........###.# #.##.#.#
#............# # #.##.#.#
##.###>....#####. #.##.#.#
#.# #..........# #....#.#
.# #...........


You could see 2 friendly ball pythons.

Vanquished Creatures
  2 adders (D:2)
  2 worms (D:2)
  A dart slug (D:1)
  A leopard gecko (D:1)
  12 bats
  3 goblins (D:1)
  9 hobgoblins
  9 kobolds
  A quokka (D:2)
  3 frilled lizards (D:1)
  5 rats (D:1)
48 creatures vanquished.

Notes
Turn   | Place    | Note
-------+----------+-------------------------------------------
     0 | D:1      | sking99 the Gargoyle Transmuter began the quest for the Orb.
     0 | D:1      | Reached XP level 1. HP: 12/12 MP: 3/3
    91 | D:1      | Reached XP level 2. HP: 8/16 MP: 5/5
   252 | D:1      | Learned a level 2 spell: Sticks to Snakes
   841 | D:1      | Reached XP level 3. HP: 20/20 MP: 6/6
  1970 | D:2      | Reached XP level 4. HP: 23/26 MP: 7/7
  2394 | D:2      | Noticed Sigmund
  2405 | D:2      | HP: 1/26 [something (1)]
  2407 | D:2      | Mangled by Sigmund

Vault maps used:
D:1:      dpeg_arrival_leaves_temple_mockup, st_stairs_12,
          minmay_misc_feat_hallway, minmay_quantized
D:2:      bloody_trog, uniq_sigmund

Skill      XL: |  1  2  3 |
---------------+----------+-----
Dodging        | 2 |  2.1
Transmutations | 2 |  2.1
Fighting       | 2 |  2.1
Unarmed Combat | |  3.9
Spellcasting   | |  2.0

Action                   |  1- 3 |  4- 6 || total
-------------------------+-------+-------++-------
Melee: Unarmed           |   204 |    36 ||   240
       Punch             |     3 |       ||     3
       Headbutt          |     1 |       ||     1
 Cast: Beastly Appendage |     1 |     1 ||     2
       Sticks to Snakes  |       |     2 ||     2
 Stab: Sleeping          |     1 |       ||     1
  Eat: Chunk             |     4 |     1 ||     5
Armor: Robe              |    81 |    11 ||    92
Dodge: Dodged            |   168 |    27 ||   195

Table legend:
 A = Spawn XP
 B = Non-spawn XP
 C = Spawn XP percentage of total XP
 D = Spawn monster count
 E = Non-spawn monster count
 F = Spawn count percentage of total count
 G = Total turns spent on level
                    A         B        C        D         E        F      G
               +---------+---------+-------+---------+---------+-------+---------
         Total |       0 |     112 |   0.0 |       0 |      48 |   0.0 |  2407
               +---------+---------+-------+---------+---------+-------+---------
           D:1 |       0 |      59 |   0.0 |       0 |      36 |   0.0 |  1667
           D:2 |       0 |      53 |   0.0 |       0 |      12 |   0.0 |   740
               +---------+---------+-------+---------+---------+-------+---------
